 Dungeon Crawl Stone Soup version 0.18-a0-1554-g49b38aa (webtiles) character file.

33718 MenacingMecha the Bludgeoner (level 13, 0/146 HPs)
             Began as an Ogre Berserker on Mar 12, 2016.
             Was a High Priest of Trog.
             Killed by divine providence
             ... invoked by an orc high priest
              (16 damage)
             ... on level 2 of the Orcish Mines.
             The game lasted 00:57:12 (25800 turns).

MenacingMecha the Bludgeoner (Ogre Berserker)      Turns: 25800, Time: 00:57:12

Health: 0/146      AC: 11    Str: 25    XL:     13   Next: 72%
Magic:  13/13      EV: 14    Int:  8    God:    Trog [*****.]
Gold:   1622       SH:  3    Dex: 11    Spells: 0 memorised, 12 levels left

rFire  . . .     SeeInvis +     q - +4 great mace (protect)
rCold  . . .     Gourm    .     S - +2 robe {MR+}
rNeg   . . .     Faith    .     (shield currently unavailable)
rPois  .         Spirit   .     (helmet restricted)
rElec  .         Dismiss  .     B - +0 cloak
rCorr  .         Reflect  +     (gloves unavailable)
SustAt .         Harm     .     (boots unavailable)
MR     ++++.                    H - +3 amulet of reflection
Stlth  +.........               (no ring)
                                x - ring of see invisible

@: very slightly contaminated, regenerating, incredibly resistant to hostile
enchantments, very unstealthy
A: unfitting armour, tough skin 1
a: Berserk, Trog's Hand, Brothers in Arms, Burn Spellbooks, Renounce Religion


You were on level 2 of the Orcish Mines.
You worshipped Trog.
Trog was extremely pleased with you.
You were not hungry.

You visited 3 branches of the dungeon, and saw 18 of its levels.
You also visited: Sewer.

You collected 1622 gold pieces.

Inventory:

Hand Weapons
 q - a +4 great mace of protection (weapon)
 r - a +4 antimagic dire flail
Missiles
 s - 3 silver tomahawks
 u - 4 large rocks
 v - 9 tomahawks (quivered)
 w - 5 javelins of penetration
 K - a tomahawk of dispersal
Armour
 B - a +0 cloak (worn)
 S - a +2 robe of magic resistance (worn)
Jewellery
 x - a ring of see invisible (left hand)
 H - a +3 amulet of reflection (around neck)
 P - an uncursed ring of fire
Wands
 a - a wand of hasting (4/9)
 b - a wand of iceblast (6/15)
 i - a wand of confusion (12/48)
 p - a wand of iceblast (9/15)
 z - a wand of digging (18/24)
 F - a wand of teleportation (7/9)
 G - a wand of lightning (3/15)
 R - a wand of flame (39/48)
Scrolls
 k - 10 scrolls of remove curse
 m - 10 scrolls of identify
 y - 3 scrolls of blinking
Potions
 d - 4 potions of ambrosia
 e - a potion of cure mutation
 f - a potion of haste
 g - a potion of heal wounds
 h - 8 potions of curing
 j - 2 potions of flight
 l - 5 potions of agility
 C - 2 potions of might
Books
 O - a book of Unlife

   Spells                             Type                      Level
   a - Recall                         Summoning/Translocation      3
   b - Animate Dead                   Necromancy                   4
   c - Control Undead                 Necromancy                   4
   d - Cigotuvi's Embrace             Necromancy                   5
   e - Death Channel                  Necromancy                   6
   f - Simulacrum                     Ice/Necromancy               6
   Trog disapproves of the use of such an item.
Comestibles
 c - 11 bread rations


   Skills:
 + Level 14.0 Fighting
 + Level 17.4 Maces & Flails
 + Level 10.8 Throwing
 + Level 10.1 Dodging


You had 12 spell levels left.
You didn't know any spells.

Dungeon Overview and Level Annotations

Branches:
Dungeon (11/15)            Temple (0/1) D:4            Lair (5/8) D:9
  Snake (0/4) Lair:4          Orc (2/2) D:11            Elf (0/3) Orc:2
  Swamp: Lair:3-6    Shoals: Lair:3-6

Altars:
Dithmenos
Elyvilon
Fedhas
Gozag
Makhleb
Pakellas
Ru
Xom
Zin
Beogh

Shops:
D:6 (   D:9 ??   Orc:2 *:

Annotations:
Lair:2 stash
Lair:3 exclusion: oklob plant


Innate Abilities, Weirdness & Mutations

You are too large for most types of armour.
You have tough skin (AC +1).


Message History

The orc warlord roars a battlecry!
Your skin crawls.
You feel resistant to hostile enchantments.
You feel slightly more hungry. The orc hits you but does no damage.
The orc high priest intones a terrible prayer.
The orc high priest mumbles some strange prayers to Beogh.
The orc priest calls down the wrath of Beogh upon you.
Beogh smites you!
* * * LOW HITPOINT WARNING * * *
You hear a shout! x3
You're too hungry to go berserk.
Unknown command.
Eat which item? (? for menu, Esc to quit)
Your troll barely misses the orc. x2; Your troll closely misses the orc.
The orc hits you but does no damage.
The orc warrior barely misses your troll.
The orc knight roars a battlecry!
The orc high priest mumbles some strange prayers to Beogh against you.
Beogh smites you!
You die...

#o....o.. #33......
#o.###..o.o..o
#.oo..4oooo...
#........ooo...
..o.o..###..o###
......# #oo.## ..oo.#
#oT∩## ....# #@.∩#
#### ##### #### ####
##
.#.###........#..##
....##... #..# ...#
...####.###.###...##
.....##............##
....................#
#...................


You could see an orc warlord, 3 orc knights, a soul eater, an orc high priest
(frenzied), a sun demon, a red devil, 3 orc warriors, 4 orc priests, an orc
(frenzied) and a friendly troll (berserk).

Vanquished Creatures
  2 hydras
  A tengu warrior (D:9)
  A death yak (Lair:4)
  2 orc high priests (Orc:1)
  The ghost of Fv001 the Geomancer, a novice GrEE of Vehumet (D:10)
  A fire crab (Lair:5)
  2 hill giants (D:11)
  An orc knight (Orc:1)
  The ghost of Boomshaker the Cleaver, a novice HOFi (D:6)
  A griffon (Lair:5)
  A manticore (D:11)
  A cyclops (D:11)
  A black mamba (Lair:2)
  Joseph (D:8)
  6 spiny frogs
  A centaur zombie (D:11)
  A torpor snail (Lair:4)
  3 komodo dragons
  A polar bear (Lair:3)
  4 trolls
  7 blink frogs
  A wraith (D:10)
  Sigmund (D:5)
  A shadow (D:10)
  A hog (D:7)
  A human (D:7)
  25 yaks
  Eustachio (D:4)
  10 hippogriffs
  2 hungry ghosts
  5 wargs
  7 swamp worms (D:11)
  2 nagas (Lair:4)
  9 water moccasins
  4 porcupines
  2 sky beasts
  An eye of draining (D:9)
  10 ice beasts
  9 ogres
  22 orc warriors
  2 phantoms
  5 centaurs
  4 wolves
  7 crocodiles
  3 big kobolds
  14 giant frogs
  2 scorpions
  The ghost of DarthRa the Ruffian, a weakling TrMo (D:4)
  5 killer bees
  6 howler monkeys
  5 wights (D:11)
  2 electric eels (D:10)
  10 crimson imps
  A wasp zombie (D:5)
  3 giant frog zombies
  2 jellies
  7 hounds
  11 orc priests
  2 giant frog skeletons
  17 orc wizards
  Jessica (D:2)
  9 iguanas
  3 worker ants
  7 sheep
  A hound zombie (D:5)
  2 hound skeletons
  A worker ant zombie (D:11)
  7 gnolls
  12 adders
  A howler monkey skeleton (D:4)
  18 river rats (Lair:2)
  11 oozes (Sewer)
  An adder zombie (D:9)
  3 adder skeletons
  12 worms
  5 dart slugs
  18 giant geckos
  54 orcs
  18 ball pythons
  7 bats
  16 giant cockroaches
  8 goblins
  6 hobgoblins
  18 jackals
  2 quokkas
  19 giant newts
  14 kobolds
  4 rats
541 creatures vanquished.

Vanquished Creatures (collateral kills)
  Nergalle (Lair:1)
  2 blink frogs (Lair:1)
  2 swamp worms (D:11)
  A black bear (D:6)
  A giant frog (D:6)
7 creatures vanquished.

Vanquished Creatures (others)
  7 fungi
  2 plants (D:11)
9 creatures vanquished.

Grand Total: 557 creatures vanquished

Notes
Turn   | Place    | Note
--------------------------------------------------------------
     0 | D:1      | MenacingMecha the Ogre Berserker began the quest for the Orb.
     0 | D:1      | Reached XP level 1. HP: 24/24 MP: 1/1
   213 | D:1      | Reached XP level 2. HP: 28/32 MP: 2/2
   297 | D:1      | Reached skill level 5 in Maces & Flails
   429 | D:1      | Reached XP level 3. HP: 39/39 MP: 3/3
   975 | D:2      | Reached ** piety under Trog
  1027 | D:2      | Reached skill level 6 in Maces & Flails
  1155 | D:2      | Reached XP level 4. HP: 44/48 MP: 4/4
  1434 | D:2      | Noticed Jessica
  1465 | D:2      | Killed Jessica
  1465 | D:2      | Reached skill level 7 in Maces & Flails
  1751 | D:2      | Reached XP level 5. HP: 38/54 MP: 5/5
  1883 | D:3      | Found a sacrificial altar of Ru.
  1959 | D:3      | Reached skill level 8 in Maces & Flails
  2329 | D:3      | Reached *** piety under Trog
  2527 | D:3      | Found a shimmering altar of Xom.
  2816 | D:3      | Reached XP level 6. HP: 55/62 MP: 6/6
  3094 | D:4      | Reached skill level 9 in Maces & Flails
  3291 | D:4      | Noticed Eustachio
  3325 | D:4      | Killed Eustachio
  3325 | D:4      | Reached skill level 10 in Maces & Flails
  3325 | D:4      | Reached XP level 7. HP: 5/70 MP: 7/7
  3957 | D:4      | Noticed DarthRa's ghost (weakling TrMo)
  3975 | D:5      | Entered Level 5 of the Dungeon
  4048 | D:5      | Noticed Sigmund
  4057 | D:5      | Killed Sigmund
  4057 | D:5      | Reached skill level 11 in Maces & Flails
  4111 | D:5      | Found a glowing drain.
  4118 | Sewer    | Entered a sewer
  4400 | Sewer    | Reached **** piety under Trog
  4588 | Sewer    | Reached XP level 8. HP: 69/78 MP: 8/8
  4761 | Sewer    | Reached skill level 12 in Maces & Flails
  5007 | D:5      | Found an oddly glowing altar of Pakellas.
  5043 | D:5      | Found a shadowy altar of Dithmenos.
  5195 | D:5      | Reached skill level 1 in Throwing
  5440 | D:6      | Reached skill level 5 in Fighting
  5651 | D:6      | Noticed Boomshaker's ghost (novice HOFi)
  5700 | D:6      | Reached XP level 9. HP: 47/89 MP: 9/9
  5714 | D:6      | Killed Boomshaker's ghost
  5714 | D:6      | Reached skill level 13 in Maces & Flails
  6362 | D:6      | Found a blossoming altar of Fedhas.
  6442 | D:6      | Found Gaitry Tank's Weapon Shop.
  7280 | D:7      | Found a burning altar of Makhleb.
  7587 | D:7      | Reached skill level 5 in Dodging
  7593 | D:7      | Reached ***** piety under Trog
  7602 | D:7      | Reached skill level 5 in Throwing
  7602 | D:7      | Reached XP level 10. HP: 104/104 MP: 10/10
  8752 | D:8      | Found a white marble altar of Elyvilon.
  8754 | D:8      | Noticed Joseph
  8771 | D:8      | Killed Joseph
  8771 | D:8      | Reached skill level 14 in Maces & Flails
  9055 | D:8      | Found an opulent altar of Gozag.
  9622 | D:4      | Found a staircase to the Ecumenical Temple.
  9640 | D:4      | Killed DarthRa's ghost
 10350 | D:9      | Noticed a tengu warrior
 10357 | D:9      | Killed a tengu warrior
 10463 | D:9      | Found a staircase to the Lair.
 10541 | D:9      | Received a gift from Trog
 10738 | D:9      | Found Xuphouru's Magic Scroll Emporium.
 10858 | D:9      | Found Ewaant's Magic Scroll Boutique.
 11394 | D:9      | Found a glowing silver altar of Zin.
 11395 | D:9      | Noticed an angel
 11456 | D:9      | Reached XP level 11. HP: 117/117 MP: 11/11
 11560 | D:10     | Entered Level 10 of the Dungeon
 11569 | D:10     | Noticed Fv001's ghost (novice GrEE)
 11578 | D:10     | Killed Fv001's ghost
 11578 | D:10     | Reached skill level 10 in Fighting
 13275 | Lair:1   | Entered Level 1 of the Lair of Beasts
 13331 | Lair:1   | Reached skill level 15 in Maces & Flails
 14024 | Lair:1   | Noticed Nergalle
 14041 | Lair:1   | Killed Nergalle
 14849 | Lair:2   | HP: 6/120 [poisoned by a black mamba]
 14856 | Lair:2   | HP: 5/120 [poisoned by a black mamba]
 14863 | Lair:2   | HP: 5/120 [poisoned by a black mamba]
 14871 | Lair:2   | HP: 6/120 [poisoned by a black mamba]
 15260 | Lair:2   | Noticed a seven-headed hydra
 15268 | Lair:2   | Killed a seven-headed hydra
 15657 | Lair:2   | Reached XP level 12. HP: 123/130 MP: 12/12
 15741 | Lair:2   | Received a gift from Trog
 17756 | Lair:4   | Found a staircase to the Snake Pit.
 17941 | Lair:4   | Noticed a death yak
 17955 | Lair:4   | Killed a death yak
 17955 | Lair:4   | Reached skill level 16 in Maces & Flails
 18807 | Lair:4   | Received a gift from Trog
 20142 | Lair:5   | Noticed a five-headed hydra
 20149 | Lair:5   | Killed a five-headed hydra
 20767 | Lair:5   | Reached XP level 13. HP: 130/144 MP: 13/13
 21446 | D:10     | Reached skill level 10 in Throwing
 21954 | D:11     | Found a staircase to the Orcish Mines.
 21963 | D:11     | Found a roughly hewn altar of Beogh.
 22146 | D:11     | Received a gift from Trog
 23090 | D:11     | Reached skill level 17 in Maces & Flails
 23757 | Orc:1    | Entered Level 1 of the Orcish Mines
 24369 | Orc:2    | Entered Level 2 of the Orcish Mines
 24432 | Orc:1    | Reached skill level 10 in Dodging
 24988 | Orc:1    | Received a gift from Trog
 25261 | Orc:2    | Found a staircase to the Elven Halls.
 25726 | Orc:2    | Received a gift from Trog
 25796 | Orc:2    | Noticed an orc warlord
 25797 | Orc:2    | Found Xerikly's Book Shop.
 25797 | Orc:2    | Found Kohias's General Store.
 25800 | Orc:2    | Killed from afar by an orc high priest

Vault maps used:
D:1:      tarquinn_simple_flora_water_a, hangedman_abyss_or_decor_lesser_grid
D:2:      first_bread, uniq_jessica
D:3:      xom_teletrap_fun, nicolae_ru_the_path_less_chosen
D:4:      temple_pool_b, uniq_eustachio
D:5:      kennysheep_little_box, kennysheep_mini, lightli_sewer_entry_pipes,
          grunt_decor_cap, st_stairs_8, uniq_sigmund
D:6:      lemuel_doored_altar, serial_shops, shop
D:7:      makhleb_heckhound_becter, serial_glass, glass_columns_a,
          glass_columns_a, grunt_livestock
D:8:      nicolae_gozag_seed_capital, basic_altar, uniq_joseph
D:9:      zin_angel, lair_0_dummy, serial_shops,
          nicolae_shop_temple_entry_statues_fountains, shop_scrolls,
          minivault_20
D:11:     minmay_orc_entry_temple_small, worms_lemuel
Lair:1:   serial_bayou_crossing, uniq_nergalle
Lair:3:   minmay_lair_oklob_bushes
Lair:4:   guppyfry_snake_entry_island, grunt_megastairs_4
Lair:5:   statuecave_lemuel, portal_ice_cave_entry_ice_beasts,
          grunt_megastairs_3
Orc:2:    st_orc_congregation
Sewer:    sewer_frog_island_02

Skill      XL: |  1  2  3  4  5  6  7  8  9 10 11 12 13 |
---------------+----------------------------------------+-----
Maces & Flails | 5 6 7 8 10 11 12 13 14 15 16 17 | 17.4
Throwing       | 2 5 6 8 9 10 | 10.8
Dodging        | 3 5 6 7 9 10 | 10.1
Fighting       | 5 8 9 11 13 14 | 14.0

Action                   |  1- 3 |  4- 6 |  7- 9 | 10-12 | 13-15 || total
-------------------------+-------+-------+-------+-------+-------++-------
Melee: Mace              |    44 |       |       |       |       ||    44
       Whip              |    45 |   188 |   437 |   236 |       ||   906
       Great mace        |       |       |       |   482 |   366 ||   848
Throw: Tomahawk          |       |     1 |    30 |   108 |    41 ||   180
       Javelin           |       |       |       |     6 |       ||     6
Invok: Berserk           |       |     2 |     5 |     8 |     3 ||    18
       Trog's Hand       |       |       |     1 |     1 |     1 ||     3
       Brothers in Arms  |       |       |     1 |     1 |     2 ||     4
  Use: Scroll            |       |       |     2 |    10 |     5 ||    17
       Potion            |       |       |       |    12 |       ||    12
 Stab: Sleeping          |       |     2 |     2 |     3 |       ||     7
       Distracted        |       |       |       |       |     2 ||     2
  Eat: Chunk             |     1 |     8 |    14 |    32 |    20 ||    75
       Meat ration       |       |       |     1 |     2 |     1 ||     4
       Royal jelly       |       |       |       |     2 |       ||     2
       Bread ration      |       |       |       |     1 |       ||     1
       Beef jerky        |       |       |       |     1 |       ||     1
